Map: [TLMC15] Berlingrad

Players

Rogue

  • Race: Zerg Zerg

Serral - Winner!

  • Race: Zerg Zerg

Event: DreamHack SC2 Masters 2021 Winter

VOD

Have the link to the VOD?

Description

Time

  • Played on: Nov. 13, 2021, 1:25 p.m.
  • Length: 10:18

All games in this series

Show
View Real Time Build Order
Export as new Build Order

Rogue Zerg 

Build Orders: Pool First 

Get SALT Encoding   

  12  0:01  Drone  
  13  0:12  Overlord  
  13  0:16  Drone  
  14  0:30  Drone  
  14  0:31  Drone  
  16  0:40  Spawning Pool  
  15  0:43  Drone  
  15  0:47  Drone  
  17  1:08  Hatchery  
  17  1:11  Drone  
  17  1:25  Extractor  
  17  1:26  Queen  
  17  1:27  Zergling x2  
  20  1:40  Drone x3  
  22  1:51  Overlord  
  22  2:09  Queen  
  22  2:10  Drone  
  22  2:13  Drone  
  26  2:19  Queen  
  26  2:20  Drone  
  29  2:24  Drone  
  30  2:31  Zergling x2  
  30  2:33  Metabolic Boost  
  30  2:36  Drone x4  
  35  2:41  Overlord  
  35  2:50  Drone  
  36  3:00  Drone x2  
  36  3:03  Drone  
  39  3:08  Drone x4  
  43  3:15  Hatchery  
  42  3:21  Overlord  
  42  3:22  Evolution Chamber  
  41  3:27  Drone x3  
  41  3:33  Lair  
  44  3:42  Drone x4  
  44  3:44  Extractor  
  44  3:45  Extractor  
  44  3:46  Drone x2  
  48  3:51  Roach Warren  
  48  3:54  Drone  
  48  3:55  Drone x2  
  50  3:58  Overlord  
  50  4:04  Drone  
  50  4:06  Zerg Ground Armor Level 1  
  51  4:12  Zergling x2  
  51  4:18  Evolution Chamber  
  51  4:20  Zergling x10  
  51  4:23  Zergling x6  
  58  4:28  Extractor  
  58  4:30  Overlord  
  57  4:31  Zergling x2  
  57  4:38  Zergling x2  
  59  4:40  Spire  
  59  4:43  Zergling x2  
  59  4:44  Overlord x3  
  58  4:58  Baneling Nest  
  58  4:59  Drone x3  
  60  5:00  Overlord  
  60  5:11  Zergling x2  
  60  5:12  Zergling x4  
  63  5:17  Hatchery  
  63  5:18  Zerg Melee Weapons Level 1  
  62  5:22  Zergling x8  
  62  5:25  Zergling x2  
  66  5:30  Zergling x2  
  66  5:31  Zergling x2  
  69  5:51  Mutalisk x2  
  69  5:52  Mutalisk x4  
  69  5:54  Hatchery  
  69  5:57  Drone x2  
  81  6:07  Mutalisk  
  81  6:10  Overlord  
  82  6:17  Mutalisk  
  82  6:18  Mutalisk  
  86  6:20  Drone x5  
  91  6:27  Overlord  
  91  6:29  Zerg Flyer Weapons Level 1  
  91  6:32  Overlord  
  91  6:38  Extractor  
  91  6:39  Drone x2  
  92  6:41  Extractor  
  92  6:42  Centrifugal Hooks  
  91  6:49  Drone  
  91  6:50  Drone x5  
  97  6:55  Mutalisk  
  97  6:58  Overseer, Overlord  
  99  7:05  Mutalisk  
  101  7:08  Drone  
  101  7:09  Drone  
  101  7:12  Mutalisk  
  101  7:14  Drone x3  
  107  7:18  Overlord  
  107  7:23  Overlord  
  107  7:32  Mutalisk x3  
  113  7:41  Hatchery  
  112  7:45  Mutalisk x2  
  112  7:47  Drone x5  
  121  7:56  Mutalisk x2  
  125  7:59  Drone x5  
  125  8:04  Zergling x4  
  133  8:12  Zergling x2  
  133  8:13  Zergling x8  
  133  8:14  Overlord  
  135  8:21  Drone  
  135  8:22  Drone  
  135  8:23  Overlord x2  
  135  8:25  Baneling x9  
  137  8:27  Overseer  
  137  8:36  Baneling x11  
  137  8:43  Baneling x4  
  137  8:44  Baneling  
  137  8:50  Drone x11  
  137  8:53  Zergling x8  
  152  8:59  Baneling x9  
  152  9:02  Baneling x3  
  152  9:04  Zergling x2  
  152  9:05  Zergling x6  
  156  9:10  Extractor  
  156  9:12  Extractor  
  154  9:20  Baneling  
  154  9:21  Baneling x10, Hatchery  
  154  9:22  Overlord x2  
  153  9:25  Overlord  
  153  9:27  Overlord  
  153  9:29  Zergling x2  
  153  9:31  Zergling x2  
  152  9:36  Zergling x2  
  152  9:37  Zergling x2  
  138  9:39  Baneling x6  
  138  9:40  Zergling x2  
  138  9:41  Zergling x10  
  135  9:46  Zergling x4  
  135  9:47  Zergling x10  
  135  9:49  Zergling x2  
  135  9:50  Zergling x2  
  139  9:58  Zergling x8  
Show
View Real Time Build Order
Export as new Build Order

Serral Zerg - Winner!

Build Orders: Hatch First 

Get SALT Encoding   

  12  0:00  Drone  
  13  0:12  Overlord  
  13  0:17  Drone  
  14  0:31  Drone x2  
  16  0:48  Hatchery  
  15  0:51  Drone  
  15  0:55  Drone  
  17  1:09  Spawning Pool  
  16  1:12  Extractor  
  16  1:13  Drone  
  16  1:17  Drone  
  17  1:20  Drone  
  18  1:28  Drone  
  19  1:38  Drone  
  20  1:59  Queen x2  
  24  2:01  Zergling x2  
  24  2:03  Overlord  
  24  2:04  Zergling x2  
  26  2:12  Metabolic Boost  
  26  2:16  Drone x2  
  26  2:21  Drone  
  26  2:22  Drone  
  30  2:35  Queen x2  
  34  2:38  Drone  
  34  2:43  Overlord  
  35  2:48  Drone  
  36  2:54  Overlord  
  35  3:03  Drone x2  
  37  3:09  Evolution Chamber  
  36  3:13  Drone x5  
  36  3:14  Drone x2  
  36  3:18  Drone  
  44  3:26  Roach Warren  
  43  3:29  Overlord  
  43  3:30  Drone  
  44  3:36  Zerg Ground Armor Level 1  
  44  3:39  Zergling x4  
  46  3:43  Zergling x6  
  46  3:47  Zergling x4  
  51  3:50  Zergling x4  
  51  3:52  Zergling x2  
  54  3:58  Drone  
  54  3:59  Zergling x2  
  56  4:09  Zergling x4  
  58  4:18  Zergling x2, Overlord  
  58  4:19  Zergling x2  
  58  4:21  Hatchery  
  58  4:23  Overlord  
  59  4:26  Overlord  
  58  4:31  Overlord  
  58  4:34  Overlord  
  57  4:41  Lair  
  57  4:43  Drone x2, Extractor  
  57  4:44  Drone x2, Extractor  
  58  4:51  Drone x2  
  60  4:53  Drone x2  
  60  4:54  Roach x2  
  60  4:56  Roach  
  68  5:05  Roach x2  
  72  5:15  Zergling x4  
  74  5:26  Zergling x14  
  81  5:30  Zerg Missile Weapons Level 1  
  81  5:37  Overlord  
  81  5:38  Overseer  
  80  5:47  Zergling x4  
  80  5:48  Zergling x4  
  80  5:49  Queen x3  
  87  5:52  Glial Reconstitution  
  85  5:57  Drone x2, Overseer  
  85  5:58  Drone x2  
  88  6:11  Drone x3  
  88  6:12  Drone  
  88  6:14  Overlord  
  88  6:18  Overlord  
  92  6:21  Drone  
  92  6:22  Drone, Spore Crawler x2  
  92  6:26  Queen, Spore Crawler  
  92  6:28  Queen  
  92  6:31  Drone  
  92  6:32  Drone x2  
  98  6:34  Drone  
  98  6:35  Drone  
  98  6:37  Drone  
  101  6:43  Infestation Pit  
  101  6:44  Extractor  
  101  6:45  Overseer  
  101  6:46  Overlord  
  99  6:49  Drone x3  
  102  6:55  Drone, Spore Crawler  
  102  6:56  Drone x3  
  105  7:10  Overlord  
  105  7:14  Drone x2  
  105  7:15  Drone  
  108  7:20  Infestor x3, Extractor x2  
  108  7:21  Hydralisk Den  
  111  7:26  Zerg Missile Weapons Level 2  
  111  7:28  Overlord  
  110  7:40  Drone x7  
  117  7:44  Overlord  
  117  7:46  Drone  
  117  7:48  Spore Crawler  
  117  7:49  Overlord x3  
  117  7:51  Drone  
  118  7:53  Roach x5, Spore Crawler  
  118  7:57  Spore Crawler  
  126  8:01  Roach  
  128  8:07  Overlord  
  128  8:11  Muscular Augments  
  128  8:13  Hydralisk x4  
  128  8:19  Hydralisk x3  
  142  8:28  Overlord  
  142  8:29  Hydralisk x3  
  148  8:37  Overlord x3  
  148  8:39  Hydralisk  
  148  8:40  Hydralisk  
  152  8:44  Spore Crawler  
  152  8:47  Hydralisk  
  153  8:51  Overseer  
  153  8:57  Hydralisk  
  153  8:58  Hydralisk x3  
  161  9:06  Hydralisk x3  
  167  9:14  Roach x5  
  177  9:23  Roach x3  
  183  9:32  Roach x5  
  171  9:44  Roach  
  161  9:51  Hydralisk  

Tags
 
Add a new tag
Caveats
  • Supply blocks, unpowered buildings, or Contaminate may cause inaccurate times.
  • Supply counts are checked every 10 seconds.